 Dungeon Crawl Stone Soup version 0.18.1-50-g88ac8fd (webtiles) character file.

2381 Lovchig the Covert (level 9, -2/62 HPs)
             Began as an Octopode Assassin on Sept 15, 2016.
             Was an Initiate of Gozag.
             Slain by a wight
             ... wielding a +2 spear
              (6 damage)
             ... on level 7 of the Dungeon.
             The game lasted 00:14:55 (4993 turns).

Lovchig the Covert (Octopode Assassin)              Turns: 4993, Time: 00:14:57

Health: -2/62      AC:  1    Str: 11    XL:     9   Next: 45%
Magic:  9/9        EV: 14    Int: 16    God:    Gozag
Gold:   294        SH:  0    Dex: 16    Spells: 0 memorised, 8 levels left

rFire  . . .     SeeInvis .     j - +4 dagger (speed)
rCold  . . .     Gourm    .     (no shield)
rNeg   . . .     Faith    .     (helmet restricted)
rPois  .         Spirit   .     e - amulet of regeneration
rElec  .         Dismiss  .     g - +3 ring of intelligence
rCorr  .         Reflect  .     u - ring of flight
SustAt .         Harm     .     (no ring)
MR     .....                    (no ring)
Stlth  ++++++....               (no ring)
                                (no ring)
                                (no ring)
                                (no ring)

@: gold aura, heavily drained, not resistant to hostile enchantments, very
stealthy
A: almost no armour, amphibious, 8 rings, constrict 8, camouflage 1, gelatinous
body 1
a: Potion Petition, Call Merchant, Bribe Branch, Renounce Religion, Evoke Flight


You were on level 7 of the Dungeon.
You worshipped Gozag.
Gozag was noncommittal.
You were not hungry.

You visited 2 branches of the dungeon, and saw 8 of its levels.

You collected 387 gold pieces.
You paid 93 gold pieces to Gozag.

Inventory:

Hand Weapons
 j - a +4 dagger of speed (weapon)
Jewellery
 d - an uncursed ring of protection from magic {unknown}
 e - an amulet of regeneration (around mantle)
 g - a +3 ring of intelligence (left tentacle)
 u - a ring of flight (right tentacle)
Scrolls
 h - a scroll of magic mapping
 i - 4 scrolls of remove curse
 p - a scroll of blinking
 s - a scroll of fear
 t - 2 scrolls of fog
Potions
 a - a potion of flight
 b - a potion of berserk rage {unknown}
 c - a potion of lignification
 m - a potion of cure mutation
 n - a potion of might
 q - 2 potions of cancellation
 r - 3 potions of brilliance
Comestibles
 f - 6 bread rations
 k - 3 meat rations
 l - a beef jerky


   Skills:
 * Level 5.7(4.2) Fighting
 * Level 5.5(4.0) Short Blades
 - Level 2.0(0.7) Throwing
 * Level 4.8(3.4) Dodging
 * Level 12.8(11.1) Stealth


You had 8 spell levels left.
You didn't know any spells.

Dungeon Overview and Level Annotations

Branches:
Dungeon (7/15)             Temple (1/1) D:6

Altars:
Ashenzari
Cheibriados
Elyvilon
Gozag
Kikubaaqudgha
Makhleb
Nemelex Xobeh
Okawaru
Pakellas
Ru
Sif Muna
Vehumet
Xom
Yredelemnul
Zin
The Shining One

Shops:
D:4 *


Innate Abilities, Weirdness & Mutations

You cannot wear most types of armour.
You are amphibious.
You can wear up to eight rings at the same time.
You can use your tentacles to constrict eight enemies at once.
Your skin changes colour to match your surroundings (Stealth).
Your rubbery body absorbs attacks (AC +1).


Message History

You feel drained.
You see here a ring mail.
Drink which item? (? for menu, Esc to quit)
You feel better.
The wight hits you from afar with an enchanted spear.
* * * LOW HITPOINT WARNING * * *
The wight is distracted by the nearby gold.
Drink which item? (? for menu, Esc to quit)
You feel better.
The wight is no longer distracted by gold.
Eat which item? (? for menu, Esc to quit)
You continue eating.
The wight hits you from afar with an enchanted spear!
* * * LOW HITPOINT WARNING * * *
You feel drained.
* * * LOW HITPOINT WARNING * * *
You continue eating.
The wight hits you from afar with an enchanted spear.
You die...
Your body crumbles into a pile of gold.

#.. ########+## #..
#.........# ##
##..##.........# #.
+..............######.
#?..$.........'....'.
#..#$.........######.
#..#zz...$......#....
#..#.########...#....
#..#@# #$..#....
#..#.# #...#....
#..#.# #...#####
...... #...# #.# .. $
... #.# ... $


You could see 2 wights.

Vanquished Creatures
  The ghost of daning the Carver, a novice HESk of Okawaru (D:7)
  The ghost of Lovchig the Shield-Bearer, a novice DDFi (D:6)
  Grinder (D:3)
  A phantom (D:5)
  A centaur (D:5)
  2 giant frogs
  A scorpion (D:5)
  5 wights
  2 crimson imps
  A quasit (D:7)
  3 orc priests
  A jelly (D:7)
  4 hounds
  A giant frog skeleton (D:5)
  3 orc wizards
  A worker ant (D:5)
  A hound zombie (D:3)
  A worker ant zombie (D:5)
  10 adders
  2 adder zombies
  A worm (D:2)
  5 dart slugs
  5 orcs
  3 giant cockroaches (D:3)
  6 goblins
  4 hobgoblins
  11 jackals
  5 kobolds
  A quokka (D:3)
  6 bats
  7 giant newts
  A quokka skeleton (D:6)
  6 rats
104 creatures vanquished.

Vanquished Creatures (others)
  An orc wizard (D:4)
1 creature vanquished.

Grand Total: 105 creatures vanquished

Notes
Turn   | Place    | Note
--------------------------------------------------------------
     0 | D:1      | Lovchig the Octopode Assassin began the quest for the Orb.
     0 | D:1      | Reached XP level 1. HP: 14/14 MP: 1/1
     6 | D:1      | Noticed a polar bear
     6 | D:1      | Noticed a water moccasin
   167 | D:1      | Reached XP level 2. HP: 19/19 MP: 2/2
   356 | D:1      | Reached skill level 6 in Stealth
   917 | D:2      | Reached XP level 3. HP: 24/24 MP: 3/3
  1609 | D:2      | Reached XP level 4. HP: 29/29 MP: 4/4
  1722 | D:3      | Found a white marble altar of Elyvilon.
  1782 | D:3      | Found a radiant altar of Vehumet.
  1784 | D:3      | Reached skill level 7 in Stealth
  2034 | D:3      | Found a burning altar of Makhleb.
  2320 | D:3      | Noticed Grinder
  2322 | D:3      | Killed Grinder
  2322 | D:3      | Reached skill level 9 in Stealth
  2322 | D:3      | Reached XP level 5. HP: 36/36 MP: 5/5
  2322 | D:3      | Reached XP level 6. HP: 41/41 MP: 6/6
  2492 | D:4      | Found a deep blue altar of Sif Muna.
  2515 | D:4      | Identified Sif Muna's Tome of Intoxication
  2825 | D:4      | Found Haoquz's Assorted Antiques.
  3037 | D:5      | Entered Level 5 of the Dungeon
  3057 | D:5      | Reached skill level 10 in Stealth
  3057 | D:5      | Reached XP level 7. HP: 46/46 MP: 7/7
  3346 | D:5      | Found a glowing golden altar of the Shining One.
  3384 | D:5      | Found a shattered altar of Ashenzari.
  3462 | D:5      | Reached skill level 11 in Stealth
  3479 | D:5      | Found a basalt altar of Yredelemnul.
  3528 | D:5      | Reached XP level 8. HP: 54/54 MP: 8/8
  3835 | D:5      | Noticed an angel
  3911 | D:6      | Noticed Lovchig's ghost (novice DDFi)
  3944 | D:6      | Killed Lovchig's ghost
  3944 | D:6      | Reached skill level 12 in Stealth
  4189 | D:6      | Found a staircase to the Ecumenical Temple.
  4195 | Temple   | Entered the Ecumenical Temple
  4299 | Temple   | Became a worshipper of Gozag Ym Sagoz the Greedy
  4492 | D:6      | Found a glowing silver altar of Zin.
  4538 | D:6      | Reached skill level 5 in Fighting
  4553 | D:6      | Reached XP level 9. HP: 38/61 MP: 9/9
  4570 | D:6      | Found an iron altar of Okawaru.
  4882 | D:7      | Noticed daning's ghost (novice HESk)
  4908 | D:7      | Killed daning's ghost
  4908 | D:7      | Reached skill level 5 in Short Blades
  4992 | D:7      | HP: 3/62 [wight/enchanted spear (5)]
  4993 | D:7      | Slain by a wight

Skill      XL: |  1  2  3  4  5  6  7  8  9 |
---------------+----------------------------+-----
Stealth        | 6 9 10 11 12 | 12.8
Short Blades   | 3 4 5 |  5.5
Dodging        | 2 4 |  4.8
Fighting       | 3 5 |  5.7
Throwing       | |  2.0

Action                   |  1- 3 |  4- 6 |  7- 9 || total
-------------------------+-------+-------+-------++-------
Melee: Dagger            |    54 |    72 |   165 ||   291
       Constrict         |    14 |    15 |    23 ||    52
       Tentacles         |     8 |    13 |    47 ||    68
  Use: Scroll            |     6 |    10 |     3 ||    19
       Potion            |       |     1 |     4 ||     5
 Stab: Sleeping          |    12 |    15 |    10 ||    37
       Distracted        |     1 |     1 |     1 ||     3
  Eat: Chunk             |     1 |     5 |     5 ||    11
       Bread ration      |       |       |     1 ||     1
Armor: Skin              |     2 |     4 |     6 ||    12
Dodge: Dodged            |    16 |    20 |    69 ||   105
